 Dungeon Crawl Stone Soup version 0.21-a0-578-gc6e9d75 (webtiles) character file.

98 KristoblXynda the Chopper (level 4, 0/38 HPs)
             Began as a Draconian Monk on Dec 18, 2017.
             Was a Believer of Okawaru.
             Killed by divine providence
             ... invoked by an orc priest
              (12 damage)
             ... on level 3 of the Dungeon.
             The game lasted 00:04:05 (2322 turns).

KristoblXynda the Chopper (Draconian Monk)          Turns: 2322, Time: 00:04:06

Health: 0/38       AC:  6    Str: 13    XL:     4   Next: 44%
Magic:  4/4        EV: 13    Int: 11    God:    Okawaru [**....]
Gold:   113        SH:  0    Dex: 14    Spells: 3/3 levels left

rFire    . . .     SeeInvis .   a - +0 hand axe
rCold    . . .     Gourm    .   (no shield)
rNeg     . . .     Faith    .   (armour unavailable)
rPois    +         Spirit   .   (helmet restricted)
rElec    .         Reflect  .   h - +0 cloak
rCorr    +         Harm     .   (no gloves)
MR       .....                  (no boots)
Stlth    ++........             (no amulet)
HPRegen  0.12/turn              f - ring of poison resistance
MPRegen  0.09/turn              k - ring of resist corrosion

@: very slightly contaminated
A: unfitting armour, cold-blooded, AC +5
a: Heroism, Renounce Religion


You were on level 3 of the Dungeon.
You worshipped Okawaru.
Okawaru was pleased with you.
You were not hungry.

You visited 1 branch of the dungeon, and saw 3 of its levels.

You collected 113 gold pieces.

Inventory:

Hand Weapons
 a - a +0 hand axe (weapon)
Armour
 h - a +0 cloak (worn)
Jewellery
 f - a ring of poison resistance (left hand)
 k - a ring of resist corrosion (right hand)
Scrolls
 i - 2 scrolls of magic mapping {unknown}
Potions
 g - a potion of brilliance
Comestibles
 b - 4 rations
 c - 4 chunks of flesh


   Skills:
 - Level 3.2 Fighting
 + Level 4.2 Axes
 + Level 3.3 Dodging
 + Level 2.7 Stealth
 + Level 0.3 Invocations


You had 3 spell levels left.
You didn't know any spells.

Dungeon Overview and Level Annotations

Branches:
Dungeon (3/15)

Altars:
Okawaru
Sif Muna


Innate Abilities, Weirdness & Mutations

Your plain brown scales are hard. (AC +5)
You cannot fit into any form of body armour.
You are cold-blooded and may be slowed by cold attacks.


Message History

The orc priest is lightly wounded.
The orc priest invokes the aid of Beogh against you.
Beogh smites you!
* * * LOW HITPOINT WARNING * * *
You feel much better.
The orc priest miscasts a cantrip.
You hit the orc priest but do no damage.
Your tail-slap misses the orc priest.
The orc priest is lightly wounded.
The orc priest invokes the aid of Beogh against you.
Beogh smites you!
You hit the orc priest.
The orc priest is moderately wounded.
The orc priest mumbles some strange prayers to Beogh against you.
Pain shoots through your body!
You barely miss the orc priest.
The orc priest is moderately wounded.
The orc priest invokes the aid of Beogh against you.
Beogh smites you!
You die...

#.# #.......## #.# #.......#
#.# #.......# #.# #.......#
#.######.# ##...###..
#....÷..(#######...#####.
########.)(.##....##.....
#.##.#..##.##.....
#@##.#.###..#.....
#o#....###..##..##
###o#).....#...#.##
o#############..g.....#...#...#
o..o..oooro†So.#.#....##..###.#
g###############.#....##..###.#
#.########.##..##
#######....#...(......#
#...≈g≈..........>.(..#


You could see an orc priest, an orc and a hobgoblin.

Vanquished Creatures
  5 adders
  A dart slug (D:3)
  5 orcs (D:3)
  7 bats
  2 giant cockroaches (D:3)
  2 goblins (D:3)
  3 hobgoblins
  4 jackals (D:1)
  A quokka (D:2)
  A ball python (D:1)
  3 frilled lizards
  7 kobolds
  6 rats
47 creatures vanquished.

Notes
Turn   | Place    | Note
-------+----------+-------------------------------------------
     0 | D:1      | KristoblXynda the Draconian Monk began the quest for the Orb.
     0 | D:1      | Reached XP level 1. HP: 19/19 MP: 1/1
   343 | D:1      | Reached XP level 2. HP: 16/26 MP: 2/2
  1132 | D:2      | Reached XP level 3. HP: 18/31 MP: 3/3
  1209 | D:2      | Found a deep blue altar of Sif Muna.
  1782 | D:3      | Reached skill level 4 in Axes
  1973 | D:3      | Reached XP level 4. HP: 25/38 MP: 4/4
  2109 | D:3      | Found an iron altar of Okawaru.
  2235 | D:3      | Became a worshipper of Warmaster Okawaru
  2235 | D:3      | Reached * piety under Okawaru
  2235 | D:3      | Reached ** piety under Okawaru
  2322 | D:3      | Killed from afar by an orc priest

Vault maps used:
D:1:      onia_arrival_mini_spirals, minmay_misc_feat_tower
D:2:      led_sif_pool, minivault_14, kennysheep_cross_room
D:3:      lemuel_doored_altar, kennysheep_okawaru_gauntlet, uniq_natasha

Skill      XL: |  1  2  3 |
---------------+----------+-----
Stealth        | 2 |  2.7
Dodging        | 3 |  3.3
Axes           | 4 |  4.2
Fighting       | |  3.2
Invocations    | |  0.3

Action                   |  1- 3 |  4- 6 || total
-------------------------+-------+-------++-------
Melee: Hand axe          |   130 |    39 ||   169
       Tailslap          |    15 |     3 ||    18
  Use: Scroll            |       |     5 ||     5
       Potion            |       |     2 ||     2
 Stab: Sleeping          |     1 |     1 ||     2
  Eat: Chunk             |     1 |       ||     1
       Ration            |     1 |       ||     1
Armor: Skin              |    62 |    19 ||    81
Dodge: Dodged            |   128 |    36 ||   164

Table legend:
 A = Spawn XP
 B = Non-spawn XP
 C = Spawn XP percentage of total XP
 D = Spawn monster count
 E = Non-spawn monster count
 F = Spawn count percentage of total count
 G = Total turns spent on level
                    A         B        C        D         E        F      G
               +---------+---------+-------+---------+---------+-------+---------
         Total |       0 |     141 |   0.0 |       0 |      47 |   0.0 |  2322
               +---------+---------+-------+---------+---------+-------+---------
           D:1 |       0 |      22 |   0.0 |       0 |      15 |   0.0 |  1021
           D:2 |       0 |      52 |   0.0 |       0 |      12 |   0.0 |   778
           D:3 |       0 |      67 |   0.0 |       0 |      20 |   0.0 |   523
               +---------+---------+-------+---------+---------+-------+---------
